 Dungeon Crawl Stone Soup version 0.21.0-3-g78d12a8 (webtiles) character file.

467 inmateoo the Cudgeler (level 7, -2/52 (57) HPs)
             Began as a Ghoul Air Elementalist on Jan 10, 2018.
             Slain by Grinder (8 damage)
             ... while paralysed by Grinder
             ... on level 5 of the Dungeon.
             The game lasted 00:07:56 (5151 turns).

inmateoo the Cudgeler (Ghoul Air Elementalist)      Turns: 5151, Time: 00:07:57

HP:   -2/52 (57)    AC:  7    Str: 14    XL:     7   Next: 8%
MP:   8/8           EV:  2    Int: 10    God:
Gold: 190           SH:  0    Dex:  9    Spells: 8/9 levels left

rFire    . . .     SeeInvis .   f - +2 whip (elec)
rCold    + . .     Gourm    .   (no shield)
rNeg     + + +     Faith    .   n - +0 scale mail
rPois    ∞         Spirit   .   s - +2 helmet
rElec    .         Reflect  .   (no cloak)
rCorr    .         Harm     .   (no gloves)
MR       .....     Rnd*Tele +   (no boots)
Stlth    ..........             (no amulet)
HPRegen  0.00/turn              g - -2 ring of protection (curse)
MPRegen  0.11/turn              a - ring of teleportation (curse)

@: paralysed, rotting
A: rotting body, claws 1, carnivore, cold resistance 1, negative energy
resistance 3, inhibited regeneration, torment resistance, unbreathing
a: no special abilities


You were on level 5 of the Dungeon.
You were not hungry.

You visited 2 branches of the dungeon, and saw 6 of its levels.

You collected 190 gold pieces.

Inventory:

Hand Weapons
 f - a +2 whip of electrocution (weapon)
 i - a +3 mace
Armour
 n - a +0 scale mail (worn)
 s - a +2 helmet (worn)
Jewellery
 a - a cursed ring of teleportation (right claw)
 g - a cursed -2 ring of protection (left claw)
Wands
 d - a wand of random effects (28)
Scrolls
 j - a scroll of blinking
 o - a scroll of teleportation
 u - 2 scrolls of enchant armour {unknown}
Potions
 e - 3 potions of haste
 h - a potion of lignification {unknown}
 k - a potion of brilliance {unknown}
 l - a potion of flight {unknown}
 m - a potion of might {unknown}
 p - a potion of mutation {unknown}
 q - a potion of degeneration {unknown}
 r - a potion of heal wounds
 t - a potion of curing
Books
 b - a book of Air

   Spells                             Type                      Level
   a - Shock                          Conjuration/Air              1
   b - Swiftness                      Charms/Air                   2
   c - Static Discharge               Conjuration/Air              3
   d - Airstrike                      Air                          4
   e - Lightning Bolt                 Conjuration/Air              5
Comestibles
 c - 6 rations


   Skills:
 + Level 3.2 Fighting
 * Level 4.4 Maces & Flails
 + Level 2.2 Armour
 - Level 1.7 Dodging
 - Level 2.1 Stealth
 - Level 2.5 Unarmed Combat
 - Level 1.7 Spellcasting
 - Level 0.7 Conjurations
 - Level 2.4 Air Magic


You had 8 spell levels left.
You knew the following spells:

 Your Spells              Type           Power        Failure   Level  Hunger
a - Shock                 Conj/Air       #...         56%         1    ##.....


Dungeon Overview and Level Annotations

Branches:
Dungeon (5/15)             Temple (1/1) D:4

Altars:
Ashenzari
Cheibriados
Dithmenos
Elyvilon
Fedhas
Hepliaklqana
Kikubaaqudgha
Makhleb
Qazlal
Ru
Sif Muna
Trog
Uskayaw
Wu Jian
Zin
The Shining One

Annotations:
D:3 Jessica, Terence
D:5 Grinder


Innate Abilities, Weirdness & Mutations

Your body is rotting away.
You thrive on raw meat.
You are immune to poison.
You have sharp fingernails.
You are carnivorous and can eat meat at any time.
Your flesh is cold resistant. (rC+)
You are immune to negative energy. (rN+++)
You do not regenerate when monsters are visible.
You are immune to unholy pain and torment.
You can survive without breathing.


Message History

The howler monkey is heavily wounded.
The howler monkey hits you but does no damage.
You hit the howler monkey.
Lightning courses through the howler monkey!
The howler monkey is almost dead.
The howler monkey barely misses you.
You hit the howler monkey.
The howler monkey is almost dead.
You suddenly lose the ability to move!
The howler monkey hits you but does no damage.
The howler monkey hoots and howls with incredible vigour!
The howler monkey hits you but does no damage.
You shrug off the repeated paralysis!
The howler monkey hits you but does no damage.
Something hits you!
* * * LOW HITPOINT WARNING * * *
The howler monkey hits you.
* * * LOW HITPOINT WARNING * * *
Something hits you!
You die...

##########
#.@h......
#.{.......
#.........
#.........
#.........
#.........
#.........
#.........


You could see a howler monkey.

Vanquished Creatures
  Menkaure (D:4)
  An ogre (D:4)
  A hound (D:4)
  2 worker ants (D:4)
  A howler monkey zombie (D:3)
  6 adders
  3 gnolls (D:3)
  3 worms
  3 dart slugs (D:1)
  A leopard gecko (D:1)
  5 giant cockroaches
  5 goblins
  6 hobgoblins
  6 jackals
  10 kobolds
  3 quokkas
  2 ball pythons
  6 bats
  3 frilled lizards
  A leopard gecko skeleton (D:5)
  A quokka zombie (D:5)
  12 rats
82 creatures vanquished.

Notes
Turn   | Place    | Note
-------+----------+-------------------------------------------
     0 | D:1      | inmateoo the Ghoul Air Elementalist began the quest for the Orb.
     0 | D:1      | Reached XP level 1. HP: 14/14 MP: 2/2
   103 | D:1      | Found a shattered altar of Ashenzari.
   126 | D:1      | Reached skill level 1 in Unarmed Combat
   134 | D:1      | Reached XP level 2. HP: 13/21 MP: 3/3
   173 | D:1      | Reached skill level 1 in Fighting
   493 | D:1      | Reached XP level 3. HP: 28/28 MP: 4/4
  1275 | D:2      | Reached skill level 1 in Maces & Flails
  1507 | D:2      | Reached XP level 4. HP: 27/34 MP: 5/5
  1674 | D:2      | Found a white marble altar of Elyvilon.
  1732 | D:2      | Reached skill level 2 in Maces & Flails
  2340 | D:3      | Reached XP level 5. HP: 31/40 MP: 6/6
  2435 | D:3      | Found a shadowy altar of Dithmenos.
  2436 | D:3      | Found a stormy altar of Qazlal.
  3100 | D:3      | Reached skill level 3 in Maces & Flails
  3266 | D:3      | Noticed Jessica
  3266 | D:3      | Noticed Terence
  3636 | D:4      | Noticed an ogre
  3925 | D:4      | Found a deep blue altar of Sif Muna.
  3925 | D:4      | Found a blossoming altar of Fedhas.
  3927 | D:4      | Found a glowing golden altar of the Shining One.
  3991 | D:4      | Noticed an ogre
  4037 | D:4      | Killed an ogre
  4037 | D:4      | Reached skill level 1 in Armour
  4037 | D:4      | Reached XP level 6. HP: 50/50 MP: 7/7
  4236 | D:4      | Found a staircase to the Ecumenical Temple.
  4363 | Temple   | Entered the Ecumenical Temple
  4732 | D:4      | Noticed Menkaure
  4741 | D:4      | Killed Menkaure
  4741 | D:4      | Reached skill level 4 in Maces & Flails
  4808 | D:4      | Found a burning altar of Makhleb.
  5016 | D:5      | Entered Level 5 of the Dungeon
  5038 | D:4      | Reached XP level 7. HP: 28/51 MP: 8/8
  5125 | D:5      | Noticed Grinder
  5135 | D:5      | Paralysed by something for 4 turns
  5147 | D:5      | Paralysed by something for 5 turns
  5151 | D:5      | Slain by Grinder

Skill      XL: |  1  2  3  4  5  6 |
---------------+-------------------+-----
Unarmed Combat | 1 2 |  2.5
Fighting       | 1 2 3 |  3.2
Maces & Flails | 1 2 3 4 |  4.4
Armour         | 1 2 |  2.2
Dodging        | |  1.7
Stealth        | |  2.1
Spellcasting   | |  1.7
Conjurations   | |  0.7
Air Magic      | |  2.4

Action                   |  1- 3 |  4- 6 |  7- 9 || total
-------------------------+-------+-------+-------++-------
Melee: Unarmed           |    98 |       |       ||    98
       Punch             |     1 |     1 |       ||     2
       Whip              |    63 |   151 |    29 ||   243
Evoke: Wand              |       |       |     4 ||     4
  Use: Scroll            |       |     9 |       ||     9
 Stab: Sleeping          |     1 |       |       ||     1
       Distracted        |       |     1 |       ||     1
  Eat: Chunk             |    13 |    17 |     2 ||    32
Armor: Leather armour    |    54 |     1 |       ||    55
       Scale mail        |       |    66 |    21 ||    87
Dodge: Dodged            |   100 |    72 |    18 ||   190
